 Dungeon Crawl Stone Soup version 0.20.1-1-g8b1a95d (webtiles) character file.

90955 Jawreze the Bludgeoner (level 16, -18/154 HPs)
             Began as a Gargoyle Fighter on Aug 27, 2017.
             Was the Champion of the Shining One.
             Demolished by an orc knight
             ... wielding a +3 great mace
              (20 damage)
             ... while paralysed by an orc sorcerer
             ... on level 2 of the Orcish Mines.
             The game lasted 00:45:31 (21404 turns).

Jawreze the Bludgeoner (Gargoyle Fighter)          Turns: 21404, Time: 00:45:31

Health: -18/154    AC: 37    Str: 44    XL:     16   Next: 2%
Magic:  19/19      EV:  2    Int: 14    God:    the Shining One [******]
Gold:   2320       SH:  0    Dex: 11    Spells: 15/15 levels left

rFire    + . .     SeeInvis .   R - +4 morningstar (freeze)
rCold    + + +     Gourm    .   y - +0 large shield
rNeg     + + +     Faith    .   D - +5 ring mail of Trog's Condemnation {Str+7}
rPois    ∞         Spirit   .   b - +2 helmet
rElec    +         Reflect  .   d - +2 cloak {rC+}
rCorr    +         Harm     .   u - +1 pair of gloves
MR       +....                  I - +2 pair of boots of the Harp {*Contam rC+++ Str+8 Stlth-}
Stlth    ..........             H - amulet of Plog {+Rage Int+4}
Regen    0.4/turn               O - ring of resist corrosion
MPRegen  0.2/turn               P - ring of protection from fire

@: paralysed, berserking, flying, glowing
A: big wings, negative energy resistance 1, electricity resistance, unbreathing,
petrification resistance, rot immunity, AC +11
a: Stop Flying, Divine Shield, Cleansing Flame, Summon Divine Warrior, Brand
Weapon With Holy Wrath, Renounce Religion, Evoke Berserk Rage


You were on level 2 of the Orcish Mines.
You worshipped the Shining One.
The Shining One was exalted by your worship.
You were hungry.

You visited 4 branches of the dungeon, and saw 23 of its levels.
You also visited: Bailey and Ice Cave.

You collected 2410 gold pieces.
You spent 90 gold pieces at shops.

Inventory:

Hand Weapons
 R - a +4 morningstar of freezing (weapon)
Missiles
 j - 6 javelins (quivered)
Armour
 b - a +2 helmet (worn)
 c - a +2 pair of boots of running
 d - a +2 cloak of cold resistance (worn)
 u - a +1 pair of gloves (worn)
 y - a +0 large shield (worn)
 D - the +5 ring mail of Trog's Condemnation (worn) {Str+7}
   (You found it on level 7 of the Dungeon)

   It affects your strength (+7).
 I - the +2 pair of boots of the Harp (worn) {*Contam rC+++ Str+8 Stlth-}
   (You acquired it on level 13 of the Dungeon)

   It affects your strength (+8).
   It renders you almost immune to cold.
   It causes magical contamination when unequipped.
   It makes you less stealthy.
 Z - a +2 plate armour of fire resistance
Jewellery
 v - a cursed ring of loudness {unknown}
 H - the amulet of Plog (around neck) {+Rage Int+4}
   (You found it on level 6 of the Dungeon)

   [amulet of rage]

   It affects your intelligence (+4).
   It lets you go berserk.
 K - an uncursed amulet of magic regeneration {unknown}
 O - a ring of resist corrosion (left hand)
 P - a ring of protection from fire (right hand)
Wands
 a - a wand of iceblast (15/15)
 A - a wand of paralysis (9/24)
Scrolls
 g - 5 scrolls of identify
 l - 15 scrolls of teleportation
 r - 2 scrolls of fog
 s - 3 scrolls of recharging
 C - 4 scrolls of magic mapping
 E - a scroll of brand weapon {unknown}
 J - 5 scrolls of amnesia
 M - 3 scrolls of enchant armour
 N - a scroll of vulnerability {unknown}
 T - 3 scrolls of blinking {unknown}
 U - 5 scrolls of enchant weapon
 V - a scroll of noise {unknown}
 W - 3 scrolls of remove curse
Potions
 e - 2 potions of agility
 h - 3 potions of flight
 i - 5 potions of berserk rage
 k - 2 potions of invisibility {unknown}
 m - 2 potions of mutation
 o - 5 potions of brilliance
 t - 2 potions of ambrosia
 w - a potion of magic
 x - 2 potions of heal wounds
 z - a potion of haste {unknown}
 B - 7 potions of curing
 G - a potion of resistance {unknown}
 S - a potion of cancellation {unknown}
 X - 2 potions of lignification {unknown}
Books
 F - a Young Poisoner's Handbook

   Spells                             Type                      Level
   a - Sting                          Conjuration/Poison           1
   b - Poisonous Vapours              Poison/Air                   2
   c - Mephitic Cloud                 Conjuration/Poison/Air       3
   d - Olgreb's Toxic Radiance        Poison                       4
   e - Venom Bolt                     Conjuration/Poison           5
 Q - a book of the Sky

   Spells                             Type                      Level
   a - Summon Lightning Spire         Summoning/Air                4
   b - Silence                        Hexes/Air                    5
   c - Deflect Missiles               Charms/Air                   6
   d - Conjure Ball Lightning         Conjuration/Air              6
   e - Tornado                        Air                          9
 Y - a book of Death

   Spells                             Type                      Level
   a - Corpse Rot                     Necromancy                   2
   b - Sublimation of Blood           Necromancy                   2
   c - Agony                          Necromancy                   5
   d - Dispel Undead                  Necromancy                   5
   e - Excruciating Wounds            Charms/Necromancy            5
   f - Bolt of Draining               Conjuration/Necromancy       5
   The Shining One disapproves of the use of such an item.
Comestibles
 f - 11 bread rations
 n - 22 fruits
 p - 9 meat rations
 L - 9 royal jellies


   Skills:
 + Level 12.4 Fighting
 - Level 17.6 Maces & Flails
 + Level 12.3 Armour
 * Level 2.9 Dodging
 + Level 14.4 Shields
 - Level 4.3 Evocations


You had 15 spell levels left.
You didn't know any spells.

Dungeon Overview and Level Annotations

Branches:
Dungeon (14/15)            Temple (1/1) D:6            Lair (6/6) D:8
 Shoals (0/4) Lair:3        Snake (0/4) Lair:4        Slime (0/5) Lair:5
    Orc (2/2) D:9          Vaults (0/5) D:13
    Elf: Orc:2

Altars:
Ashenzari
Cheibriados
Dithmenos
Elyvilon
Fedhas
Gozag
Kikubaaqudgha
Makhleb
Okawaru
Qazlal
Ru
Sif Muna
Trog
Uskayaw
Vehumet
Xom
Zin
The Shining One

Shops:
Orc:2 =

Portals:
Hell: Lair:6


Innate Abilities, Weirdness & Mutations

You are resistant to torment.
Your stone body is resilient. (AC +11)
You are immune to poison.
Your large and strong wings let you fly indefinitely.
You resist negative energy. (rN+)
You are resistant to electric shocks. (rElec)
You can survive without breathing.
You are immune to petrification.
You are immune to rotting.


Message History

You fail to use your ability.
The orc knight hits you with an enchanted great mace!
* * * LOW HITPOINT WARNING * * *
You block the orc sorcerer's attack. The orc priest closely misses you.
The orc priest hits you from afar with a trident of freezing.
* * * LOW HITPOINT WARNING * * *
You block the orc high priest's attack. The orc warrior hits you with a flail!
The Shining One protects you from harm! You block the orc knight's attack.
The orange demon stings you from afar.
* * * LOW HITPOINT WARNING * * *
A red film seems to cover your vision as you go berserk!
You feel yourself moving faster!
You feel mighty!
You are feeling hungry.
The orc sorcerer points at you and mumbles some strange words.
You suddenly lose the ability to move!
The orc priest invokes the aid of Beogh against you.
Beogh smites you!
* * * LOW HITPOINT WARNING * * *
The orc knight hits you with an enchanted great mace!!
You die... ## .∩## ..## ##..# oo.# #oo# .. ##@o## ... #ooo4#

#.#.....)#4#
#.#.....##.#
#.#...###..#
#.######..##
...####.####...##
#...........###
######.######


You could see 2 orc knights, an orc high priest, an orange demon, an ice devil,
an orc sorcerer, an orc warrior, 2 orc priests and an orc wizard.

Vanquished Creatures
  An orc warlord (Orc:1)
  The ghost of appiemonkey the Spear-Bearer, a journeyman MiFi of Cheibriados (D:11)
  A fire dragon (D:14)
  Josephine (D:10)
  4 vault guards (D:13)
  6 hydras
  3 centaur warriors
  7 two-headed ogres
  The ghost of flestrin the Severer, a novice HOFi of Makhleb (Bailey)
  3 tengu warriors (D:14)
  2 death yaks
  2 orc high priests (Orc:2)
  An ogre mage (D:13)
  A sixfirhy (Lair:6)
  9 skeletal warriors
  2 unseen horrors
  A lindwurm (Lair:6)
  Pikel (D:7)
  2 orc knights (Orc:2)
  2 wizards
  A manticore (D:13)
  4 orc sorcerers
  3 cyclopes
  2 merfolk sirens (Lair:3)
  An ugly thing (D:11)
  2 ice statues (IceCv)
  4 black mambas
  A smoke demon (Lair:6)
  4 elephants (Lair:6)
  A gargoyle (D:13)
  Joseph (D:10)
  Psyche (D:11)
  2 torpor snails
  3 orange demons (Lair:6)
  11 spiny frogs
  2 freezing wraiths
  4 rime drakes
  An efreet (D:13)
  6 komodo dragons
  A red devil (Lair:6)
  9 ice devils
  4 trolls
  A queen bee (D:12)
  4 polar bears
  2 merfolk (Lair:3)
  10 blink frogs
  4 snapping turtles (D:13)
  17 dream sheep
  7 slime creatures
  12 hippogriffs
  Sigmund (D:7)
  3 shadows
  3 water elementals (D:13)
  50 yaks
  4 wraiths
  4 wyverns
  A basilisk (Lair:1)
  3 hungry ghosts
  A steam dragon (Lair:4)
  2 vampire mosquitoes (D:14)
  A warg (Orc:1)
  10 water moccasins
  2 acid dragons
  6 nagas (Lair:4)
  4 hell hounds (Lair:6)
  17 porcupines
  16 orc warriors
  A hornet zombie (D:13)
  A swamp drake (D:9)
  5 ice beasts
  A sky beast (D:14)
  An eye of draining (D:13)
  4 black bears
  14 ogres
  4 phantoms
  13 centaurs
  16 wolves
  13 crocodiles
  4 big kobolds
  10 bullfrogs
  2 wyvern zombies
  8 gnoll sergeants (Bailey)
  4 scorpions
  19 killer bees
  10 wights
  9 electric eels
  9 crimson imps
  3 howler monkeys (D:7)
  11 orc priests
  13 orc wizards
  2 bullfrog skeletons
  4 centaur zombies
  6 gnoll shamans (Bailey)
  11 hounds
  9 jellies
  A centaur skeleton (D:6)
  Natasha (D:3)
  5 iguanas
  16 worker ants
  A worker ant zombie (D:6)
  18 gnolls
  11 adders
  3 shadow imps
  10 white imps (IceCv)
  10 ufetubi (IceCv)
  An ooze (D:1)
  2 adder zombies
  An adder skeleton (D:8)
  2 worms
  A dart slug (D:3)
  2 leopard geckos
  71 orcs
  6 giant cockroaches
  6 goblins
  9 hobgoblins
  16 jackals
  6 quokkas
  13 bats
  6 frilled lizards
  A jackal zombie (D:6)
  11 kobolds
  2 leopard gecko skeletons (D:4)
  A leopard gecko zombie (D:7)
  4 rats
  A fungus (Lair:6)
  A plant (D:13)
750 creatures vanquished.

Vanquished Creatures (others)
  A reaper (IceCv)
  2 slaves (D:8)
  2 wights (D:8)
  An electric eel (D:13)
  A worker ant (D:8)
  A white imp (IceCv)
  An ufetubus (IceCv)
  An orc (Orc:1)
  A quokka (D:3)
  A bush (Lair:6)
  6 fungi
  5 plants
23 creatures vanquished.

Grand Total: 773 creatures vanquished

Notes
Turn   | Place    | Note
-------+----------+-------------------------------------------
     0 | D:1      | Jawreze the Gargoyle Fighter began the quest for the Orb.
     0 | D:1      | Reached XP level 1. HP: 14/14 MP: 1/1
    88 | D:1      | Reached XP level 2. HP: 19/19 MP: 2/2
   653 | D:1      | Reached skill level 3 in Maces & Flails
   813 | D:2      | Reached XP level 3. HP: 23/23 MP: 3/3
  1570 | D:3      | Reached XP level 4. HP: 25/28 MP: 4/4
  1622 | D:3      | Noticed Natasha
  1629 | D:3      | Killed Natasha
  1648 | D:3      | Reached skill level 4 in Maces & Flails
  1875 | D:3      | Found a white marble altar of Elyvilon.
  1950 | D:3      | Reached XP level 5. HP: 32/32 MP: 5/5
  1967 | D:3      | Became a worshipper of Elyvilon the Healer
  2489 | D:4      | Reached * piety under Elyvilon
  2663 | D:4      | Reached skill level 5 in Maces & Flails
  2806 | D:4      | Noticed a dagger
  2810 | D:4      | Found a hide-covered altar of Uskayaw.
  2813 | D:4      | Noticed a dagger
  3113 | D:4      | Reached ** piety under Elyvilon
  3171 | D:4      | Reached XP level 6. HP: 21/37 MP: 6/6
  3468 | D:5      | Entered Level 5 of the Dungeon
  3543 | D:5      | Noticed a phantom
  3566 | D:5      | Killed a phantom
  3566 | D:5      | Reached skill level 5 in Shields
  3718 | D:5      | Found Zin's Purification Station.
  3719 | D:5      | Found a glowing silver altar of Zin.
  3724 | D:5      | Bought a potion of curing for 90 gold pieces
  3883 | D:5      | Reached skill level 6 in Maces & Flails
  3883 | D:5      | Reached XP level 7. HP: 7/41 MP: 7/7
  4247 | D:5      | Found a stormy altar of Qazlal.
  4254 | D:5      | Found an opulent altar of Gozag.
  4446 | D:5      | Reached skill level 7 in Maces & Flails
  4706 | D:6      | Found a staircase to the Ecumenical Temple.
  4722 | D:6      | Reached XP level 8. HP: 46/46 MP: 8/8
  4730 | Temple   | Entered the Ecumenical Temple
  4747 | Temple   | Fell from the grace of Elyvilon
  4747 | Temple   | Became a worshipper of the Shining One
  4747 | Temple   | Reached * piety under the Shining One
  4866 | D:6      | Found a deep blue altar of Sif Muna.
  4936 | D:6      | Reached skill level 8 in Maces & Flails
  4997 | D:6      | Found a bloodstained altar of Trog.
  5049 | D:6      | Got a scintillating tin amulet
  5330 | D:6      | Noticed a hippogriff
  5342 | D:6      | Killed a hippogriff
  5396 | D:6      | Noticed a two-headed ogre
  5407 | D:6      | Killed a two-headed ogre
  5407 | D:6      | Reached skill level 9 in Maces & Flails
  5407 | D:6      | Reached XP level 9. HP: 10/51 MP: 9/9
  5673 | D:6      | Reached skill level 10 in Maces & Flails
  5860 | D:7      | Got a smelly ring mail
  5878 | D:7      | Identified the +5 ring mail of Trog's Condemnation {Str+7} (You found it on level 7 of the Dungeon)
  5912 | D:7      | Reached ** piety under the Shining One
  6411 | D:7      | Noticed Sigmund
  6421 | D:7      | Killed Sigmund
  6853 | D:8      | Noticed Pikel
  6864 | D:8      | Reached XP level 10. HP: 56/58 MP: 10/10
  6875 | D:7      | Killed Pikel
  6875 | D:7      | Reached skill level 5 in Fighting
  6875 | D:7      | Reached skill level 11 in Maces & Flails
  6982 | D:8      | Reached skill level 5 in Armour
  7059 | D:8      | Noticed a two-headed ogre
  7070 | D:8      | Killed a two-headed ogre
  7201 | D:8      | Found a staircase to the Lair.
  7333 | D:8      | Found a shattered altar of Ashenzari.
  7502 | D:8      | Found a sacrificial altar of Ru.
  7512 | D:8      | Noticed a two-headed ogre
  7518 | D:8      | Killed a two-headed ogre
  7518 | D:8      | Reached skill level 12 in Maces & Flails
  7564 | D:8      | Reached *** piety under the Shining One
  7842 | D:8      | Reached XP level 11. HP: 56/66 MP: 11/11
  7922 | D:9      | Reached skill level 10 in Shields
  8086 | D:9      | Noticed a two-headed ogre
  8091 | D:9      | Killed a two-headed ogre
  8530 | D:9      | Found a staircase to the Orcish Mines.
  8724 | D:10     | Entered Level 10 of the Dungeon
  8864 | D:10     | Reached **** piety under the Shining One
  8874 | D:10     | Noticed Joseph
  8899 | D:10     | Killed Joseph
  9185 | D:10     | Noticed an unseen horror
  9194 | D:10     | Killed an unseen horror
  9194 | D:10     | Reached skill level 13 in Maces & Flails
  9356 | D:10     | Noticed Josephine
  9368 | D:10     | Killed Josephine
  9383 | D:10     | Reached XP level 12. HP: 34/73 MP: 12/12
 10037 | D:11     | Noticed Psyche
 10039 | D:11     | Killed Psyche
 10247 | D:11     | Noticed appiemonkey's ghost (journeyman MiFi)
 10263 | D:11     | Killed appiemonkey's ghost
 10299 | D:11     | Reached ***** piety under the Shining One
 10335 | D:11     | Identified a +2 pair of boots of running (You found it on level 11 of the Dungeon)
 10682 | D:12     | Reached skill level 14 in Maces & Flails
 10869 | D:12     | Noticed a six-headed hydra
 10879 | D:12     | Killed a six-headed hydra
 11166 | D:12     | Noticed a three-headed hydra
 11176 | D:12     | Killed a three-headed hydra
 11345 | D:13     | Noticed a centaur warrior
 11354 | D:13     | Killed a centaur warrior
 11354 | D:13     | Reached XP level 13. HP: 80/80 MP: 13/13
 11589 | D:13     | Reached skill level 15 in Maces & Flails
 11639 | D:13     | Reached skill level 10 in Fighting
 11752 | D:13     | Found a gate to the Vaults.
 11752 | D:13     | Noticed a vault guard
 11752 | D:13     | Noticed a vault guard
 11752 | D:13     | Noticed a vault guard
 11753 | D:13     | Noticed a vault guard
 11769 | D:13     | Killed a vault guard
 11786 | D:13     | Killed a vault guard
 11792 | D:13     | Killed a vault guard
 11800 | D:13     | Killed a vault guard
 12223 | D:13     | Identified a scroll of acquirement
 12226 | D:13     | Got a pair of spiked boots
 12237 | D:13     | Identified the +2 pair of boots of the Harp {*Contam rC+++ Str+8 Stlth-} (You acquired it on level 13 of the Dungeon)
 12429 | D:13     | Reached skill level 10 in Armour
 12702 | D:13     | Reached ****** piety under the Shining One
 13154 | D:14     | Gained mutation: Your large and strong wings let you fly indefinitely. [Gargoyle growth]
 13154 | D:14     | Reached XP level 14. HP: 88/88 MP: 14/14
 13288 | D:14     | Found a frozen archway.
 13298 | D:14     | Reached skill level 16 in Maces & Flails
 13366 | IceCv    | Entered an ice cave
 13524 | IceCv    | Killed a reaper
 14568 | Lair:1   | Entered Level 1 of the Lair of Beasts
 15837 | Lair:2   | Identified the amulet of Plog {+Rage Int+4} (You found it on level 6 of the Dungeon)
 16369 | Lair:3   | Found a staircase to the Shoals.
 16375 | Lair:3   | Reached skill level 1 in Evocations
 17670 | Lair:4   | Found a staircase to the Snake Pit.
 18132 | Lair:4   | Reached XP level 15. HP: 73/95 MP: 16/16
 18356 | Lair:5   | Found a staircase to the Slime Pits.
 18541 | Lair:5   | Reached skill level 17 in Maces & Flails
 18940 | Lair:6   | Entered Level 6 of the Lair of Beasts
 19841 | Lair:6   | Found a burning altar of Makhleb.
 19887 | Lair:6   | Found a gateway to Hell.
 20479 | Orc:1    | Entered Level 1 of the Orcish Mines
 20479 | Orc:1    | Noticed an orc warlord
 20521 | Orc:1    | Killed an orc warlord
 20521 | Orc:1    | Reached skill level 1 in Dodging
 20887 | Orc:1    | Found a flagged portal.
 20903 | Bailey   | Entered a bailey
 20975 | Bailey   | Noticed flestrin's ghost (novice HOFi)
 20990 | Bailey   | Killed flestrin's ghost
 21305 | Orc:2    | Entered Level 2 of the Orcish Mines
 21339 | Orc:2    | Found Puda's Jewellery Emporium.
 21383 | Orc:2    | Reached XP level 16. HP: 82/103 MP: 19/19
 21403 | Orc:2    | The Shining One protects you from harm!
 21404 | Orc:2    | Paralysed by an orc sorcerer for 2 turns
 21404 | Orc:2    | HP: 2/154 [orc priest/divine providence (13)]
 21404 | Orc:2    | Demolished by an orc knight

Skill      XL: |  1  2  3  4  5  6  7  8  9 10 11 12 13 14 15 |
---------------+----------------------------------------------+-----
Maces & Flails | 3 4 5 6 7 9 10 12 13 14 15 16 17 | 17.6
Shields        | 4 5 6 8 9 10 11 12 13 14 | 14.4
Fighting       | 4 6 7 9 10 11 12 | 12.4
Armour         | 4 6 7 9 10 11 12 | 12.3
Evocations     | 2 4 |  4.3
Dodging        | 2 |  2.9

Action                   |  1- 3 |  4- 6 |  7- 9 | 10-12 | 13-15 | 16-18 || total
-------------------------+-------+-------+-------+-------+-------+-------++-------
Melee: Flail             |   144 |   250 |   294 |     5 |       |       ||   693
       Morningstar       |       |       |       |   503 |  1216 |    18 ||  1737
       Whip              |       |       |       |     8 |       |       ||     8
Throw: Javelin           |       |       |     3 |       |     1 |       ||     4
Invok: Divine Shield     |       |       |       |     1 |     1 |       ||     2
 Abil: Evoke Berserk Rag |       |       |       |       |     1 |     1 ||     2
       Fly               |       |       |       |       |     1 |       ||     1
  Use: Scroll            |     4 |       |     2 |     1 |    16 |       ||    23
       Potion            |       |       |     1 |     1 |     1 |       ||     3
  Eat: Chunk             |     2 |     8 |    13 |    15 |    35 |       ||    73
       Fruit             |       |       |       |       |     2 |       ||     2
Armor: Scale mail        |   102 |       |       |       |       |       ||   102
       Chain mail        |     6 |   190 |   101 |       |       |       ||   297
       Ring mail         |       |       |    19 |   251 |   408 |    10 ||   688
Dodge: Dodged            |    61 |    55 |    28 |   123 |   196 |     9 ||   472
Block: Shield            |    93 |   146 |       |       |       |       ||   239
       Large shield      |       |    22 |   234 |   556 |  1205 |    31 ||  2048
